 Dungeon Crawl Stone Soup version 0.30.1-11-g7821555f0a (webtiles) character file.

Game seed: 16135137032658805409

14 CaptainMV the Covert (level 2, 0/22 HPs)
             Began as a Naga Wanderer on Nov 23, 2023.
             Slain by Terence
             ... wielding a +0 flail
              (13 damage)
             ... on level 2 of the Dungeon.
             The game lasted 00:04:46 (515 turns).

CaptainMV the Covert (Naga Wanderer)                 Turns: 515, Time: 00:04:47

Health: 0/22       AC:  3    Str: 13    XL:     2   Next: 45%
Magic:  0/3        EV:  9    Int: 12    God:
Gold:   40         SH:  0    Dex: 11    Spells: 2/3 levels left

rFire   . . .        a - +0 dagger
rCold   . . .        (no shield)
rNeg    . . .        f - +0 leather armour
rPois   +            d - +0 helmet
rElec   .            (no cloak)
rCorr   .            (no gloves)
SInv    +            (no barding)
Will    .....        (no amulet)
Stlth   +++          i - ring of flight
HPRegen 0.23/turn    (no ring)
MPRegen 0.08/turn

%: no passive effects
@: flying, very slightly contaminated, very slow
A: AC +0, large, see invisible, deformed body, poison resistance, slowness 2,
spit poison 1, naga tail 1
a: Spit Poison


You were on level 2 of the Dungeon.
You visited 1 branch of the dungeon, and saw 2 of its levels.

You collected 40 gold pieces.

Inventory:

Hand Weapons
 a - a +0 dagger (weapon)
Missiles
 b - an atropa-tipped dart (quivered)
 c - 2 datura-tipped darts
Armour
 d - a +0 helmet (worn)
 f - a +0 leather armour (worn)
Jewellery
 i - a ring of flight (left hand)
Scrolls
 e - 2 scrolls of blinking
 h - 2 scrolls of identify
 j - a scroll of teleportation
Potions
 g - a potion of heal wounds


   Skills:
 + Level 1.6 Dodging
 + Level 8.0 Stealth
 + Level 1.0 Spellcasting
 + Level 2.1 Conjurations


You had 2 spell levels left.
You knew the following spells:

 Your Spells              Type           Power      Damage    Failure   Level
a - Foxfire               Conj/Fire      12%        2x1d4     26%         1

Your spell library contained the following spells:

 Spells                   Type           Power      Damage    Failure   Level
 Mephitic Cloud           Conj/Pois/Air  2%         N/A       65%         3


Dungeon Overview and Level Annotations

Branches:
Dungeon (2/15)

Altars:
Okawaru

Annotations:
D:2 Terence


Innate Abilities, Weirdness & Mutations

Your serpentine skin is tough. (AC +0)
You have supernaturally acute eyesight. (SInv)
Armour fits poorly on your strangely shaped body.
Your system is resistant to poisons. (rPois)
You cover ground very slowly.
You can spit poison.
You have a snake-like lower body.


Message History

The bat is severely wounded.
The bat closely misses you.
The foxfire hits the bat.
You kill the bat!
Found a scroll of identify.
You now have 40 gold pieces (gained 6).
h - 2 scrolls of identify (gained 1)
Found a leather armour.
Found an escape hatch in the ceiling.
e - 2 scrolls of blinking (gained 1)
You see here a +0 leather armour.
Found a scroll of teleportation.
j - a scroll of teleportation Terence the Incautious comes into view.
He is wielding a +0 flail.
Found a scroll of teleportation.
Found an iron altar of Okawaru.
Found 7 gold pieces.
Casting: Foxfire (safe; 26% risk of failure)
Confirm with . or Enter, or press ? or * to list all spells.
You miscast Foxfire.
You are very lightly contaminated with residual magic.
Nothing appears to happen.
Terence misses you.
Casting: Foxfire (safe; 26% risk of failure)
Confirm with . or Enter, or press ? or * to list all spells.
You miscast Foxfire.
Nothing appears to happen.
Terence closely misses you.
Casting: Foxfire (safe; 26% risk of failure)
Confirm with . or Enter, or press ? or * to list all spells.
You conjure some foxfire!
Terence barely misses you.
You hit Terence.
Terence is lightly wounded.
The foxfire hits Terence.
Terence is moderately wounded.
The foxfire hits Terence but does no damage.
Terence is moderately wounded.
Terence hits you with a +0 flail!
You hit Terence.
Terence is moderately wounded.
Terence closely misses you.
You hit Terence but do no damage.
Terence is moderately wounded.
Terence hits you with a +0 flail!
Ouch! That really hurt!
You die...

#.#####.# #.#
#...# #.# .#
##...## #...# #..
.# ....<. #...#
## #..#.##
##..#.#. ...... .
#.###...# _.. ##
#.$....@##?....
.# #..@....... .#
##.#####... .#
#.#
.##############.#
.............##.#
.####..##.......#
.#........##.####
...##<.#####.#
.####.[#####.#


You could see Terence.

Vanquished Creatures
  2 endoplasms
  A hobgoblin (D:2)
  A kobold (D:1)
  3 ball pythons (D:1)
  3 bats
  A frilled lizard (D:2)
  2 goblins
  A rat (D:1)
14 creatures vanquished.

Vanquished Creatures (others)
  22 foxfires
22 creatures vanquished.

Grand Total: 36 creatures vanquished

Notes
Turn   | Place    | Note
-------+----------+-------------------------------------------
     0 | D:1      | CaptainMV the Naga Wanderer began the quest for the Orb.
     0 | D:1      | CaptainMV set off with the following items: a +0 dagger, an
                  | atropa-tipped dart, 2 datura-tipped darts, a +0 helmet, a
                  | scroll of blinking, a +0 leather armour; and the following
                  | spell memorised: Foxfire; and the following spells
                  | available to memorise: Mephitic Cloud.
     0 | D:1      | Reached XP level 1. HP: 15/15 MP: 2/2
   253 | D:1      | Reached XP level 2. HP: 22/22 MP: 3/3
   307 | D:1      | You are sucked into a shaft and drop 1 floor!
   443 | D:2      | Reached skill level 8 in Stealth
   505 | D:2      | Noticed Terence
   508 | D:2      | Found an iron altar of Okawaru.
   515 | D:2      | Slain by Terence

Illustrated notes

Levels and vault maps discovered:
D:1:      beargit_arrival_diablo_church, layout_loops_ring, minivault_27,
          kennysheep_nondescript, dreamdust_princess_corridor
D:2:      layout_loops_cross, basic_altar, minmay_split_cup_large, uniq_terence

Skill      XL: |  1  2 |
---------------+-------+-----
Stealth        | 8 |  8.0
Dodging        | |  1.6
Spellcasting   | |  1.0
Conjurations   | |  2.1

Action                     || total
---------------------------++-------
  Melee: Dagger            ||    33
   Cast: Foxfire           ||    15
    Use: Scroll            ||     3
   Stab: Sleeping          ||     1
 Armour: Leather armour    ||    15
  Dodge: Dodged            ||    24
